 Dungeon Crawl Stone Soup version 0.15.0-31-geb66e34 (console) character file.

4426 gw the Basher (level 10, -6/91 HPs)
             Began as a Deep Dwarf Gladiator on Sept 13, 2014.
             Was a Priest of Makhleb.
             Mangled by Maurice
             ... wielding a +4 short sword of electrocution
              (13 damage)
             ... on Level 8 of the Dungeon.
             The game lasted 00:07:27 (7595 turns).

gw the Basher (Deep Dwarf Gladiator)                Turns: 7595, Time: 00:07:28

HP  -6/91        AC 18     Str 27 (29) XL: 10   Next: 14%
MP  13/13        EV  9     Int  8      God: Makhleb [***...]
Gold 0           SH  0     Dex 12 (16) Spells:  0 memorised,  9 levels left

rFire  . . .     SeeInvis .     a - +1 morningstar
rCold  . . .     Clarity  .     j - +5 scale mail "Mnenloej" {rPois rN+ Str+3}
rNeg   + . .     rCorr    .     (no shield)
rPois  +         rRot     .     c - +0 helmet
rElec  .         Spirit   .     r - +0 cloak {+Inv}
SustAb .         Warding  .     o - +2 pair of gloves {Str+3}
rMut   .         Stasis   .     (no boots)
Gourm  .                        (no amulet)
MR     ++...                    l - ring of protection from magic
                                q - +3 ring of strength

@: non-regenerating, very resistant to hostile enchantments, extremely
unstealthy
A: damage resistance, recharge devices, sense surroundings 2, slow healing 3
a: Device Recharging, Minor Destruction, Lesser Servant of Makhleb, Renounce
Religion, Evoke Invisibility


You were on level 8 of the Dungeon.
You worshipped Makhleb.
Makhleb was most pleased with you.
You were very hungry.

You visited 2 branches of the dungeon, and saw 9 of its levels.

Inventory:

Hand weapons
 a - a +1 morningstar (weapon)
Missiles
 d - 2 throwing nets
Armour
 c - a +0 helmet (worn)
 j - the +5 scale mail "Mnenloej" (worn) {rPois rN+ Str+3}
   (You took it off a goblin on level 7 of the Dungeon)

   It affects your strength (+3).
   It protects you from poison.
   It protects you from negative energy.
 o - a +2 pair of gloves of strength (worn)
 r - a +0 cloak of darkness (worn)
Magical devices
 e - a wand of heal wounds (1)
 n - a wand of slowing (9) {unknown}
Comestibles
 f - 4 bread rations
 i - a royal jelly
 m - 28 fruits
 p - 3 meat rations
 s - 3 slices of pizza
 u - 2 beef jerkies
Scrolls
 g - 2 scrolls of remove curse
 h - a scroll of identify
 k - 2 scrolls of noise
 x - a scroll of immolation {unknown}
Jewellery
 l - a ring of protection from magic (right hand)
 q - a +3 ring of strength (left hand)


   Skills:
 + Level 6.0 Fighting
 * Level 9.6 Maces & Flails
   Level 6.3 Crossbows
 - Level 1.7 Throwing
 + Level 6.7 Armour
 - Level 3.2 Dodging
 + Level 6.2 Invocations


You had 9 spell levels left.
You didn't know any spells.

Dungeon Overview and Level Annotations

Branches:
Dungeon (8/15)             Temple (1/1) D:5
   Lair: D:8-11

Altars:
Ashenzari
Cheibriados
Dithmenos
Elyvilon
Fedhas
Kikubaaqudgha
Makhleb
Nemelex Xobeh
Okawaru
Qazlal
Sif Muna
Trog
Vehumet
Xom
Yredelemnul
Zin
The Shining One

Shops:
D:5 [[((   D:6 %

Annotations:
D:8 Maurice


Innate Abilities, Weirdness & Mutations

You are resistant to damage.
You can recharge devices by infusing magical energy.
You passively map the area around you.
You do not heal naturally.


Message History

You struggle against the net.
MOVING TO (-7,1)
You try to slip out of the net.
MOVING TO (-6,1)
You try to slip out of the net.
MOVING TO (-5,1)
You break free from the net!
Something hits you but does no damage.
You are electrocuted!
MOVING TO (-4,1)
You closely miss something. Something hits you but does no damage.
You are electrocuted!
MOVING TO (-3,1)
You puncture something! Something hits you.
Something groans, "What are you, a monk?"
You hear some strange, mumbled words.
MOVING TO (-2,1)
You impale something!! Something hits you but does no damage.
MOVING TO (-1,1)
You miss something. Something hits you but does no damage.
You are electrocuted!
You die...

####### #.....# *##.....#
######### ######*
,#......#####.......# #
#....#*,
##.P.........#####.# #
#.#####+##.....######.#
#.#####
...).#...##...........#
#.....#
#.####....'....######.#
#.#.### #.# #..).'.....g.#
#.#####.#.# # #.#
#...##....##.###.......#.# #
#.#
##+##...............##.#.###
..#
*,,##..P..#.#########.#.##.
### * ,#..[.....# #.#.##. #
##......## #.#.##. #
###....# #.#.##. #
#######.## ####.#.##. #
#........## ##....#.##.


There were no monsters in sight!

Table legend:
 A = Turns spent in this place as a percentage of turns spent in the entire game.
 B = Non-inter-level travel turns spent in this place as a percentage of non-inter-level travel turns spent in the entire game.
 C = Inter-level travel turns spent in this place as a percentage of turns spent in this place.
 D = Turns resting spent in this place as a percentage of non-inter-level travel turns spent in this place.
 E = Turns spent auto-exploring this place as a percentage of non-inter-level travel turns spent in this place.
 F = Non-inter-level travel turns spent in this place divided by the number of levels of this place that you've seen.
                   A       B       C       D       E      F
               +-------+-------+-------+-------+-------+----------------------
         Total | 100.0 | 100.0 |   1.4 |   0.1 |  10.4 | 432.9
       Dungeon |  98.8 |  98.8 |   1.4 |   0.1 |  10.3 | 481.0
        Temple |   1.2 |   1.2 |   2.0 |   0.0 |  16.7 |  48.0
               +-------+-------+-------+-------+-------+----------------------

Table legend:
 A = Kills in this place as a percentage of kills in entire the game.
 B = Kills by you in this place as a percentage of kills by you in the entire game.
 C = Kills by friends in this place as a percentage of kills by friends in the entire game.
 D = Other kills in this place as a percentage of other kills in the entire game.
 E = Experience gained in this place as a percentage of experience gained in the entire game.
 F = Experience gained in this place divided by the number of levels of this place that you have seen.
                   A       B       C       D       E      F
               +-------+-------+-------+-------+-------+----------------------
         Total | 100.0 | 100.0 |  -nan |  -nan | 100.0 | 702.6
       Dungeon | 100.0 | 100.0 |  -nan |  -nan | 100.0 | 790.4
               +-------+-------+-------+-------+-------+----------------------

Vanquished Creatures
  Pikel (D:3)
  Grinder (D:6)
  A troll (D:7)
  2 ravens (D:8)
  Eustachio (D:4)
  2 steam dragons
  2 hippogriffs (D:7)
  2 water moccasins
  2 centaurs
  A slave (D:4)
  3 ogres
  A phantom (D:6)
  4 giant frogs
  2 scorpions
  8 killer bees (D:8)
  4 wights (D:7)
  2 goliath beetles
  2 quasits
  5 crimson imps
  2 giant frog zombies (D:6)
  2 jellies
  A centaur skeleton (D:6)
  2 hounds
  5 orc wizards
  An elf skeleton (D:7)
  5 worker ants
  A mummy (D:7)
  3 gnolls (D:7)
  A shadow imp (D:8)
  9 adders
  3 giant mites
  An inept feature mimic (D:7)
  An iguana skeleton (D:6)
  2 orc skeletons
  6 giant geckos
  2 oozes
  14 orcs
  13 bats
  7 giant cockroaches
  15 goblins
  13 hobgoblins
  11 jackals
  2 ball pythons
  A giant gecko skeleton (D:7)
  6 giant newts
  A giant spore (D:8)
  A goblin zombie (D:5)
  A hobgoblin zombie (D:8)
  12 kobolds
  A kobold zombie (D:6)
  2 quokkas
  A quokka zombie (D:6)
  14 rats
  2 ballistomycetes (D:6)
210 creatures vanquished.

Vanquished Creatures (others)
  A smoke demon (D:8)
  An orc (D:4)
  A giant spore (D:6)
  A ballistomycete (D:8)
  A fungus (D:7)
5 creatures vanquished.

Grand Total: 215 creatures vanquished

Notes
Turn   | Place    | Note
--------------------------------------------------------------
     0 | D:1      | gw, the Deep Dwarf Gladiator, began the quest for the Orb.
     0 | D:1      | Reached XP level 1. HP: 19/19 MP: 1/1
   172 | D:1      | Reached XP level 2. HP: 26/26 MP: 2/2
   900 | D:2      | Reached skill level 1 in Armour
   900 | D:2      | Reached XP level 3. HP: 30/32 MP: 3/3
  1280 | D:2      | Reached XP level 4. HP: 15/40 MP: 4/4
  1651 | D:3      | Reached skill level 4 in Maces & Flails
  2548 | D:4      | Noticed Eustachio
  2552 | D:4      | Killed Eustachio
  2552 | D:4      | Reached skill level 5 in Maces & Flails
  2552 | D:4      | Reached skill level 1 in Crossbows
  2552 | D:4      | Reached XP level 5. HP: 36/49 MP: 5/5
  2916 | D:4      | Reached XP level 6. HP: 41/56 MP: 6/6
  3032 | D:4      | Noticed a slave
  3054 | D:4      | Killed a slave
  3058 | D:4      | Noticed Pikel
  3058 | D:4      | Noticed a slave
  3058 | D:4      | Noticed a slave
  3058 | D:4      | Noticed a slave
  3101 | D:3      | Killed Pikel
  3101 | D:3      | Reached skill level 6 in Maces & Flails
  3101 | D:3      | Reached XP level 7. HP: 21/63 MP: 7/7
  4034 | D:5      | Entered Level 5 of the Dungeon
  4068 | D:5      | Found Weacruna's Antique Weapon Boutique.
  4170 | D:5      | Found Leubo's Armour Boutique.
  4214 | D:5      | Found Psiuddeu's Antique Weapon Boutique.
  4225 | D:5      | Found Kheib's Antique Armour Emporium.
  4253 | D:5      | Reached XP level 8. HP: 48/72 MP: 8/8
  4495 | D:5      | Found a staircase to the Ecumenical Temple.
  4502 | Temple   | Entered the Ecumenical Temple
  4600 | Temple   | Became a worshipper of Makhleb the Destroyer
  4895 | D:6      | Reached skill level 7 in Maces & Flails
  4895 | D:6      | Reached skill level 1 in Invocations
  4956 | D:6      | Found Ijoekoa's Food Shop.
  4982 | D:6      | Noticed Grinder
  4999 | D:6      | Killed Grinder
  5120 | D:6      | Acquired Makhleb's first power
  5153 | D:6      | Reached skill level 5 in Armour
  5276 | D:6      | Reached skill level 5 in Fighting
  5386 | D:6      | Reached skill level 8 in Maces & Flails
  5396 | D:6      | Gained mutation: You passively map the area around you. [level up]
  5396 | D:6      | Reached XP level 9. HP: 51/81 MP: 13/13
  5402 | D:6      | Reached skill level 5 in Crossbows
  6097 | D:7      | Found a blossoming altar of Fedhas.
  6156 | D:7      | Acquired Makhleb's second power
  6274 | D:7      | Got a twisted scale mail
  6285 | D:7      | Identified the +5 scale mail "Mnenloej" {rPois rN+ Str+3} (You took it off a goblin on level 7 of the Dungeon)
  6527 | D:7      | Reached skill level 5 in Invocations
  6571 | D:7      | Reached skill level 9 in Maces & Flails
  6642 | D:7      | Found a staircase to the Ecumenical Temple.
  6645 | D:7      | the staircase to the Ecumenical Temple was a mimic.
  6984 | D:8      | Reached XP level 10. HP: 41/91 MP: 15/15
  6987 | D:8      | Acquired Makhleb's third power
  7215 | D:8      | Found a sparkling altar of Nemelex Xobeh.
  7472 | D:8      | Noticed Maurice
  7595 | D:8      | Mangled by Maurice

Action                   |  1- 3 |  4- 6 |  7- 9 | 10-12 || total
-------------------------+-------+-------+-------+-------++-------
Melee: Flail             |   144 |    66 |       |       ||   210
       Morningstar       |       |   103 |   461 |    69 ||   633
       Unarmed           |       |     1 |       |       ||     1
Invok: Minor Destruction |       |       |    55 |    19 ||    74
       Lesser Servant of |       |       |       |     1 ||     1
 Abil: Device Recharging |       |       |     5 |     2 ||     7
Evoke: Wand              |       |     2 |    26 |     6 ||    34
  Use: Scroll            |     4 |     3 |     4 |     1 ||    12
       Potion            |     2 |     8 |     5 |       ||    15
  Eat: Chunk             |     2 |     6 |    11 |     2 ||    21
       Bread ration      |       |       |     1 |       ||     1

Vault maps used:
D:1:      dpeg_arrival_tiny_h
D:2:      st_stairs_14
D:3:      first_bread, minmay_close_crescents
D:4:      gup_sewer_entry_spiral, uniq_pikel, uniq_eustachio
D:5:      temple_green, serial_shops, shop_coins, shop, shop_statue, shop,
          uniq_crazy_yiuf_cottage
D:6:      wad_guarded_room, serial_shops,
          nicolae_shop_temple_entry_statues_fountains, uniq_grinder
D:7:      minmay_temple_entry_enclosed_plants, fedhas_altar_3
D:8:      blue_anna_alchemist, roderic_ravens_nest, hangedman_decor_push,
          nemelex_xobeh_ov_fountains_minmay, uniq_maurice
Temple:   kilobyte_greek_temple_18
